 Dungeon Crawl Stone Soup version 0.27-a0-58-g0ec5f8ab93 (webtiles) character file.

Game seed: 59164599040259094

474 Descartes the Covert (level 6, -3/28 HPs)
             Began as a Felid Monk on Jan 8, 2021.
             Splashed by a jelly's acid (5 damage)
             ... on level 4 of the Dungeon.
             The game lasted 00:12:34 (5374 turns).

Descartes the Covert (Felid Monk)                   Turns: 5374, Time: 00:12:35

Health: -3/28      AC: -6    Str:  9    XL:     6   Next: 84%
Magic:  7/7        EV: 23    Int: 11    God:
Gold:   204        SH:  0    Dex: 19    Spells: 5/5 levels left
                                        Lives:  0   Deaths: 1

rFire    . . .     SeeInvis +     - Unarmed
rCold    . . .     Faith    .   (shield unavailable)
rNeg     . . .     Spirit   .   (armour unavailable)
rPois    .         Reflect  .   (helmet unavailable)
rElec    .         Harm     .   (cloak unavailable)
rCorr    .         Rampage  .   (gloves unavailable)
Will     .....                  (boots unavailable)
Stlth    +++++.....             (no amulet)
HPRegen  0.09/turn              (no ring)
MPRegen  0.10/turn              (no ring)

@: corroded, quick
A: very small, no armour, no weapons or thrown items, stealth, claws 1, fangs 3,
see invisible, speed 1, shaggy fur 2, sharp paws
a: no special abilities


You were on level 4 of the Dungeon.
You visited 1 branch of the dungeon, and saw 5 of its levels.

You collected 204 gold pieces.

Inventory:

Missiles
 e - 79 stones
 m - 29 arrows
Jewellery
 t - a cursed amulet of magic regeneration {unknown}
Wands
 j - a wand of iceblast (5)
Scrolls
 a - a scroll of magic mapping {unknown}
 b - 6 scrolls of identify {unknown}
 d - 2 scrolls of enchant armour {unknown}
 g - 6 scrolls of remove curse {unknown}
 i - 2 scrolls of enchant weapon {unknown}
 l - a scroll of fear {unknown}
 o - a scroll of teleportation {unknown}
 s - a scroll of immolation {unknown}
Potions
 c - a potion of berserk rage {unknown}
 f - 4 potions of curing
 h - 3 potions of heal wounds {unknown}
 k - 2 potions of flight {unknown}
 n - a potion of cancellation {unknown}
 p - a potion of ambrosia {unknown}
 q - a potion of brilliance {unknown}
 r - a potion of haste {unknown}
 u - a potion of invisibility {unknown}
 v - a potion of resistance {unknown}


   Skills:
 - Level 3.0 Fighting
 + Level 6.4 Dodging
 * Level 8.3 Stealth
 + Level 4.8 Unarmed Combat


You had 5 spell levels left.
You didn't know any spells.
Your spell library was empty.

Dungeon Overview and Level Annotations

Branches:
Dungeon (5/15)
 Temple: D:4-7

Altars:
Cheibriados
Fedhas
Makhleb
Nemelex Xobeh
Wu Jian


Innate Abilities, Weirdness & Mutations

You cannot wear armour.
You are incapable of wielding weapons or throwing items.
Your paws allow you to move quietly. (Stealth)
You have sharp claws.
You have razor-sharp teeth.
You have supernaturally acute eyesight. (SInv)
You cover ground quickly.
You are covered in thick fur. (AC +2)
Your sharp claws are effective at attacking unaware monsters.


Message History

You are too injured to fight recklessly!
You are too injured to fight recklessly!
You are too injured to fight recklessly!
You are too injured to fight recklessly!
You are too injured to fight recklessly!
You are too injured to fight recklessly!
You are too injured to fight recklessly!
You are too injured to fight recklessly!
You are too injured to fight recklessly!
You completely miss the jelly.
The jelly is heavily wounded.
The jelly misses you.
You scratch the jelly.
Your paws burn!
* * * LOW HITPOINT WARNING * * *
You bite the jelly.
The jelly is heavily wounded.
The jelly hits you.
* * * LOW HITPOINT WARNING * * *
The acid corrodes you!
You are splashed with acid.
You die...

############
#..........#
#..........#
########.......J..#
.......'........@.##
########...........#
########...........#
......##.........†.#
......##..........###
......#######.......#
......# #.......#
......# #.......#
......##########..###


You could see a jelly.

Vanquished Creatures
  A phantom (D:4)
  An ogre (D:5)
  A hound (D:4)
  3 iron imps (D:3)
  2 bullfrog skeletons
  An orc wizard (D:3)
  An iguana (D:4)
  A worker ant (D:5)
  A howler monkey skeleton (D:4)
  5 adders
  An ooze (D:1)
  5 worms
  4 dart slugs
  4 leopard geckos
  6 orcs
  A ball python (D:1)
  4 bats
  3 giant cockroaches
  11 goblins
  9 hobgoblins
  2 jackals (D:1)
  4 quokkas
  10 frilled lizards
  15 kobolds
  8 rats
104 creatures vanquished.

Notes
Turn   | Place    | Note
-------+----------+-------------------------------------------
     0 | D:1      | Descartes the Felid Monk began the quest for the Orb.
     0 | D:1      | Reached XP level 1. HP: 10/10 MP: 2/2
    47 | D:1      | Reached skill level 3 in Stealth
    64 | D:1      | Reached XP level 2. HP: 14/14 MP: 3/3
   607 | D:1      | Reached skill level 4 in Stealth
   607 | D:1      | Reached XP level 3. HP: 17/17 MP: 4/4
  1294 | D:2      | Found a blossoming altar of Fedhas.
  1506 | D:2      | Reached XP level 4. HP: 21/21 MP: 5/5
  1730 | D:2      | Reached skill level 5 in Stealth
  1738 | D:2      | Found a snail-covered altar of Cheibriados.
  2666 | D:3      | Found a sparkling altar of Nemelex Xobeh.
  2670 | D:3      | Reached skill level 5 in Dodging
  3008 | D:3      | Found a burning altar of Makhleb.
  3265 | D:3      | Reached XP level 5. HP: 24/24 MP: 6/6
  3321 | D:3      | Reached skill level 6 in Stealth
  3604 | D:4      | Noticed a phantom
  3920 | D:3      | Slain by an orc wizard
  3921 | D:3      | Reached XP level 4. HP: 0/21 MP: 5/5
  3941 | D:3      | Reached XP level 5. HP: 24/24 MP: 6/6
  4613 | D:4      | Killed a phantom
  4614 | D:4      | Reached skill level 7 in Stealth
  4614 | D:4      | Gained mutation: You are covered in thick fur. (AC +2)
                  | [Felid growth]
  4614 | D:4      | Reached XP level 6. HP: 13/28 MP: 7/7
  4847 | D:4      | Found an ornate altar of the Wu Jian Council.
  5308 | D:5      | Entered Level 5 of the Dungeon
  5351 | D:5      | Reached skill level 8 in Stealth
  5374 | D:4      | Splashed by a jelly's acid

Illustrated notes

Levels and vault maps discovered:
D:1:      mainiacjoe_arrival_reflecting_pool, layout_loops_ring
D:2:      layout_loops_ring, marbit_many_paths, serial_glass, glass_columns_c,
          glass_columns_b, glass_columns_a, glass_columns_a, feat_on_display,
          feat_on_display, item_on_display_a, item_on_display_b, fedhas_altar_4
D:3:      wander_river, layout_rooms, demons_altar, lemuel_crystal_altar,
          minmay_unequal
D:4:      layout_basic, old_standard_altar, kennysheep_cross_bottleneck
D:5:      layout_rooms, minmay_circle_x

Skill      XL: |  1  2  3  4  5  6 |
---------------+-------------------+-----
Stealth        | 3 4 5 7 8 |  8.3
Dodging        | 5 6 |  6.4
Unarmed Combat | 4 |  4.8
Fighting       | |  3.0

Action                   |  1- 3 |  4- 6 || total
-------------------------+-------+-------++-------
Melee: Unarmed           |   113 |   273 ||   386
       Bite              |    11 |    26 ||    37
       Punch             |     2 |     9 ||    11
  Use: Potion            |       |     1 ||     1
 Stab: Sleeping          |    10 |    16 ||    26
       Distracted        |     1 |       ||     1
Armor: Skin              |     5 |     7 ||    12
Dodge: Dodged            |   102 |   171 ||   273

Table legend: (Time is in decaauts)
 A = Elapsed time spent in this place.
 B = Non-inter-level travel time spent in this place.
 C = Inter-level travel time spent in this place.
 D = Time resting spent in this place.
 E = Time spent auto-exploring this place.
 F = Levels seen in this place.
 G = Mean time per level.
                   A        B        C        D        E       F      G
               +--------+--------+--------+--------+--------+-----+--------+
         Total |   4841 |   4489 |    352 |    210 |   3424 |   5 |  968.2 |
       Dungeon |   4841 |   4489 |    352 |    210 |   3424 |   5 |  968.2 |
               +--------+--------+--------+--------+--------+-----+--------+

Top non-repeatable levels by time:
     D:3: 1865 daAuts
     D:2: 1050 daAuts
     D:1: 973 daAuts
     D:4: 928 daAuts
     D:5: 24 daAuts
